 Dungeon Crawl Stone Soup version 0.23-a0-644-gb60d84b635 (webtiles) character file.

4636 CheiIsBae the Carver (level 10, -14/51 HPs)
             Began as a Vine Stalker Gladiator on Jan 1, 2019.
             Was a Priest of Wu Jian.
             Shot with an arrow by a centaur warrior (17 damage)
             ... on level 8 of the Dungeon.
             The game lasted 00:13:48 (6896 turns).

CheiIsBae the Carver (Vine Stalker Gladiator)       Turns: 6896, Time: 00:13:49

Health: -14/51     AC: 12    Str: 18    XL:     10   Next: 43%
Magic:  0/11       EV:  9    Int: 11    God:    Wu Jian [***...]
Gold:   526        SH:  0    Dex: 15    Spells: 9/9 levels left

rFire    . . .     SeeInvis +   a - +0 long sword
rCold    . . .     Gourm    .   (no shield)
rNeg     . . .     Faith    .   k - +0 chain mail
rPois    .         Spirit   +   c - +0 helmet
rElec    .         Reflect  .   r - +0 cloak
rCorr    .         Harm     .   e - +0 pair of gloves
MR       ++...                  (no boots)
Stlth    ..........             (no amulet)
HPRegen  0.57/turn              B - ring of see invisible
MPRegen  0.12/turn              E - ring of protection from magic

@: no status effects
A: fangs 3, regeneration 1, magic shield, antimagic bite, no potion heal 3, rot
immunity
a: Wall Jump, Serpent's Lash, Renounce Religion


You were on level 8 of the Dungeon.
You worshipped Wu Jian.
Wu Jian was most pleased with you.
You were not hungry.

You visited 1 branch of the dungeon, and saw 8 of its levels.

You collected 526 gold pieces.

Inventory:

Hand Weapons
 a - a +0 long sword (weapon)
Armour
 c - a +0 helmet (worn)
 e - a +0 pair of gloves (worn)
 k - a +0 chain mail (worn)
 r - a +0 cloak (worn)
Jewellery
 B - a ring of see invisible (left hand)
 E - a ring of protection from magic (right hand)
 G - an uncursed ring of wizardry {unknown}
Wands
 s - a wand of polymorph (8)
 w - a wand of acid (7)
 x - a wand of iceblast (9)
Scrolls
 b - 4 scrolls of identify
 g - a scroll of magic mapping {unknown}
 h - 5 scrolls of remove curse
 l - 3 scrolls of teleportation
 n - 2 scrolls of fear {unknown}
 o - a scroll of enchant armour {unknown}
 p - a scroll of blinking {unknown}
 t - a scroll of enchant weapon {unknown}
 u - 3 scrolls of fog {unknown}
 y - a scroll of random uselessness {unknown}
 z - 2 scrolls of torment {unknown}
 D - a scroll of amnesia {unknown}
Potions
 d - a potion of mutation {unknown}
 i - 3 potions of curing
 j - a potion of berserk rage {unknown}
 m - a potion of lignification {unknown}
 v - a potion of cancellation {unknown}
 A - 2 potions of might {unknown}
 F - a potion of degeneration {unknown}
Comestibles
 f - 14 rations
 q - 3 chunks of flesh


   Skills:
 + Level 4.6 Fighting
 * Level 11.6 Long Blades
 - Level 1.7 Throwing
 + Level 3.7 Armour
 + Level 4.6 Dodging


You had 9 spell levels left.
You didn't know any spells.
Your spell library was empty.

Dungeon Overview and Level Annotations

Branches:
Dungeon (8/15)             Temple (0/1) D:5
   Lair: D:8-11

Altars:
Cheibriados
Dithmenos
Gozag
Kikubaaqudgha
Okawaru
Ru
Sif Muna
Trog
Wu Jian
Zin

Shops:
D:8 :


Innate Abilities, Weirdness & Mutations

You have razor-sharp teeth.
Your natural rate of healing is unusually fast.
When hurt, damage is shared between your health and your magic reserves.
Your bite disrupts and absorbs the magic of your enemies.
Potions cannot restore your health.
You are immune to rotting.


Message History

A centaur warrior comes into view. It is carrying a wand of digging (3).
You enter the shallow water.
Moving in this stuff is going to be slow.
You are no longer corroded.
You enter the shallow water.
Moving in this stuff is going to be slow.
The centaur warrior shouts!
The centaur warrior wields a +0 longbow of flaming.
It bursts into flame!
The centaur warrior shoots an arrow.
The arrow hits you. The arrow burns you.
You hear a splash.
You see here an arrow.
The centaur warrior shoots an arrow.
The arrow hits you!
* * * LOW HITPOINT WARNING * * *
The arrow burns you.
* * * LOW HITPOINT WARNING * * *
You hear a splash.
You see here an arrow.
The centaur warrior shoots an arrow.
The arrow hits you!!
You die...

##........
###.........
##........... ###
##...........#
##.######
##.#.......####
#..'..≈≈##
###.##########
#..#####≈######..##
#.##;;≈##≈....####
###
#.#≈≈%≈≈######@##
###..
#.#.;[..##≈≈≈##(#
###....
#.#.≈≈≈≈#;;.≈≈#(#
###......
#.#P...≈#...≈.#≈#
##........
###.#.....#(P.P;#≈#
##......... ....#
#.≈.PP#.#
#.......... ...##
#.....#c#
#..........
...#..### #.....#.#
#..........
...##.c.≈≈##'..##.#
#..........


You could see a centaur warrior.

Vanquished Creatures
  A two-headed ogre (D:8)
  Pikel (D:5)
  Grinder (D:5)
  Sigmund (D:3)
  Purgy (D:4)
  2 orc warriors
  An ice beast (D:5)
  A sky beast (D:6)
  2 slaves (D:5)
  4 black bears
  4 ogres
  A phantom (D:6)
  2 centaurs
  A bullfrog (D:7)
  2 water moccasin skeletons
  2 howler monkeys
  3 crimson imps
  3 hounds
  2 quasits (D:7)
  2 jellies (D:5)
  2 orc priests
  6 orc wizards
  3 bullfrog skeletons
  A gnoll shaman (D:4)
  A centaur skeleton (D:4)
  10 worker ants
  3 iguanas
  A killer bee zombie (D:6)
  A hound skeleton (D:5)
  2 howler monkey skeletons
  A howler monkey zombie (D:5)
  Robin (D:4)
  17 gnolls
  13 adders
  4 shadow imps
  2 adder zombies
  2 adder skeletons (D:7)
  4 dart slugs
  7 leopard geckos
  23 orcs
  7 bats
  6 giant cockroaches
  13 goblins
  8 hobgoblins
  7 jackals
  5 quokkas
  2 ball pythons (D:2)
  13 frilled lizards
  6 kobolds
  A quokka zombie (D:7)
  6 rats
215 creatures vanquished.

Vanquished Creatures (others)
  A jelly (D:8)
  2 plants (D:8)
3 creatures vanquished.

Grand Total: 218 creatures vanquished

Notes
Turn   | Place    | Note
-------+----------+-------------------------------------------
     0 | D:1      | CheiIsBae the Vine Stalker Gladiator began the quest for
                  | the Orb.
     0 | D:1      | Reached XP level 1. HP: 11/11 MP: 2/2
   171 | D:1      | Reached skill level 3 in Long Blades
   218 | D:1      | Reached XP level 2. HP: 15/15 MP: 3/3
   489 | D:1      | Reached XP level 3. HP: 18/18 MP: 4/4
   905 | D:2      | Reached skill level 4 in Long Blades
  1010 | D:2      | Found an opulent altar of Gozag.
  1123 | D:2      | Found an iron altar of Okawaru.
  1374 | D:2      | Found a deep blue altar of Sif Muna.
  1451 | D:2      | Gained mutation: Your natural rate of healing is unusually
                  | fast. [Vine Stalker growth]
  1451 | D:2      | Reached XP level 4. HP: 23/23 MP: 5/5
  1596 | D:3      | Reached skill level 5 in Long Blades
  1596 | D:3      | Reached XP level 5. HP: 26/26 MP: 6/6
  1755 | D:3      | Found an ornate altar of the Wu Jian Council.
  1792 | D:3      | Became a worshipper of the Wu Jian Council
  1865 | D:3      | Noticed Sigmund
  1881 | D:3      | Killed Sigmund
  1881 | D:3      | Reached skill level 6 in Long Blades
  1881 | D:3      | Reached XP level 6. HP: 30/30 MP: 7/7
  2364 | D:4      | Noticed Robin
  2401 | D:4      | Reached skill level 7 in Long Blades
  2401 | D:4      | Reached XP level 7. HP: 16/34 MP: 6/8
  2414 | D:4      | Killed Robin
  2542 | D:4      | Found a glowing silver altar of Zin.
  2587 | D:4      | Reached * piety under Wu Jian
  2758 | D:4      | Reached skill level 8 in Long Blades
  2829 | D:4      | Noticed Purgy
  2837 | D:4      | Killed Purgy
  2863 | D:4      | Gained mutation: You have razor-sharp teeth. [Vine Stalker
                  | growth]
  2863 | D:4      | Reached XP level 8. HP: 38/38 MP: 7/9
  3082 | D:5      | Entered Level 5 of the Dungeon
  3241 | D:5      | Noticed Pikel
  3271 | D:5      | Killed Pikel
  3271 | D:5      | Reached skill level 9 in Long Blades
  3332 | D:5      | Found a staircase to the Ecumenical Temple.
  3407 | D:5      | Reached ** piety under Wu Jian
  3414 | D:5      | Reached skill level 10 in Long Blades
  3486 | D:5      | Found a shadowy altar of Dithmenos.
  3489 | D:5      | Found a sacrificial altar of Ru.
  3606 | D:5      | Reached skill level 1 in Armour
  3606 | D:5      | Reached XP level 9. HP: 24/42 MP: 6/10
  3708 | D:5      | Noticed Grinder
  3713 | D:5      | Killed Grinder
  5159 | D:6      | Found a snail-covered altar of Cheibriados.
  5367 | D:7      | Reached *** piety under Wu Jian
  5445 | D:7      | Reached skill level 11 in Long Blades
  5568 | D:7      | Found a bloodstained altar of Trog.
  5579 | D:7      | Found an ancient bone altar of Kikubaaqudgha.
  5581 | D:7      | Reached XP level 10. HP: 44/49 MP: 9/11
  6264 | D:8      | Found Fotha's Book Boutique.
  6681 | D:8      | Noticed a two-headed ogre
  6707 | D:8      | Killed a two-headed ogre
  6884 | D:8      | Noticed a centaur warrior
  6896 | D:8      | Shot with an arrow by a centaur warrior

Vault maps used:
D:1:      zelgadis_glass_arrival_small
D:2:      lemuel_blue_sif_altar, okawaru_trees_2, old_standard_altar
D:3:      lemuel_round_altar, nrook_loot_triangle, uniq_sigmund
D:4:      lemuel_coloured_pillars_altar, grunt_decor_fettered,
          minmay_crystal_room, uniq_purgy, uniq_robin
D:5:      nicolae_overflow_hidden_temple, minmay_temple_entry_antechambers,
          first_ration, uniq_grinder, uniq_pikel
D:6:      kennysheep_mini, corexii_hall_statues_s, hangedman_decor_opposing
D:7:      trog_ov_bears_minmay, basic_altar
D:8:      cheibrodos_two_vegetables, serial_shops, shop

Skill      XL: |  1  2  3  4  5  6  7  8  9 |
---------------+----------------------------+-----
Long Blades    | 3 4 5 6 7 8 10 11 | 11.6
Fighting       | 2 4 |  4.6
Armour         | 1 3 |  3.7
Dodging        | 4 |  4.6
Throwing       | |  1.7

Action                   |  1- 3 |  4- 6 |  7- 9 | 10-12 || total
-------------------------+-------+-------+-------+-------++-------
Melee: Long sword        |    86 |   118 |   487 |   135 ||   826
       Bite              |    24 |    44 |   164 |    51 ||   283
       Unarmed           |       |     6 |       |       ||     6
Throw: Throwing net      |       |     2 |     3 |     1 ||     6
Invok: Lunge             |       |     2 |    65 |    25 ||    92
       Whirlwind         |       |       |   122 |    62 ||   184
 Abil: Wall Jump         |       |       |     1 |     1 ||     2
  Use: Potion            |       |       |     3 |       ||     3
       Scroll            |       |       |     3 |     1 ||     4
 Stab: Held in net/web   |       |     2 |       |       ||     2
  Eat: Chunk             |     2 |     2 |    12 |     5 ||    21
Armor: Ring mail         |     2 |       |       |       ||     2
       Chain mail        |    42 |   103 |   285 |    65 ||   495
Dodge: Dodged            |    39 |    73 |   192 |    60 ||   364
       Rpst.: Long sword |    14 |    22 |    63 |     8 ||   107

Table legend:
 A = Non-vault XP
 B = Vault XP
 C = Vault XP percentage of total XP
 D = Non-vault monster count
 E = Vault monster count
 F = Vault count percentage of total count
                 A         B        C        D         E       F
            +---------+---------+-------+---------+---------+-------
      Total |    5033 |    1591 |  24.0 |     197 |      17 |   7.9
            +---------+---------+-------+---------+---------+-------
        D:1 |      39 |       0 |   0.0 |      21 |       0 |   0.0
        D:2 |      54 |       0 |   0.0 |      22 |       0 |   0.0
        D:3 |     192 |     223 |  53.7 |      31 |       1 |   3.1
        D:4 |     637 |     168 |  20.9 |      29 |      11 |  27.5
        D:5 |     657 |     889 |  57.5 |      31 |       2 |   6.1
        D:6 |    1013 |       0 |   0.0 |      23 |       0 |   0.0
        D:7 |     733 |     259 |  26.1 |      23 |       2 |   8.0
        D:8 |    1708 |      52 |   3.0 |      17 |       1 |   5.6
            +---------+---------+-------+---------+---------+-------
